Map: Romanticide LE

Players

LiquidClem (Clem)

  • Race: Terran Terran
  • League: Master

MaxPax - Winner!

  • Race: Protoss Protoss

Event: DreamHack SC2 Masters 2021 Fall

VOD

Have the link to the VOD?

Description

Time

  • Played on: Sept. 8, 2021, 9:30 a.m.
  • Length: 8:06

All games in this series

Show
View Real Time Build Order
Export as new Build Order

LiquidClem Terran 

Build Orders: Reaper Expand 

Get SALT Encoding   

  12  0:00  SCV  
  13  0:12  SCV  
  14  0:16  Supply Depot  
  14  0:24  SCV  
  15  0:38  SCV  
  15  0:39  Barracks  
  16  0:43  Refinery  
  16  0:50  SCV  
  17  1:02  SCV  
  18  1:14  SCV  
  19  1:26  Reaper, Orbital Command  
  20  1:43  Command Center  
  20  1:50  Supply Depot  
  20  1:59  Bunker  
  20  2:01  Reaper  
  21  2:04  SCV  
  22  2:16  SCV  
  22  2:19  Factory  
  23  2:25  Refinery  
  23  2:29  SCV  
  24  2:41  SCV  
  25  2:50  Barracks Reactor  
  25  2:53  SCV  
  25  2:55  SCV  
  26  3:08  SCV  
  26  3:09  Orbital Command  
  26  3:10  Starport  
  27  3:14  Widow Mine  
  29  3:20  SCV  
  30  3:27  Marine x2  
  30  3:33  SCV  
  33  3:36  Widow Mine, SCV  
  35  3:41  Supply Depot  
  35  3:45  Marine x2, SCV  
  35  3:47  Medivac  
  35  3:48  Bunker, SCV  
  41  3:52  Barracks  
  41  3:57  Factory Tech Lab, SCV  
  41  4:00  SCV  
  43  4:03  Marine x2  
  43  4:09  Barracks, SCV  
  46  4:12  SCV  
  47  4:20  Marine, Siege Tank  
  47  4:21  Marine, SCV  
  52  4:24  Supply Depot  
  52  4:26  SCV  
  53  4:33  SCV  
  54  4:39  Starport Tech Lab  
  54  4:41  Barracks Tech Lab  
  54  4:44  Marine x2  
  54  4:46  SCV x2  
  54  4:48  Supply Depot  
  54  4:50  Refinery  
  56  4:53  Siege Tank  
  56  4:58  SCV x2  
  61  5:01  Marauder  
  61  5:02  Stimpack  
  61  5:05  Marine x2  
  60  5:10  SCV  
  60  5:12  SCV  
  62  5:14  Refinery  
  62  5:20  Marauder  
  64  5:22  SCV  
  64  5:23  Marauder, Marine x2  
  69  5:30  SCV, Supply Depot  
  69  5:34  SCV  
  69  5:36  Starport Reactor  
  69  5:37  Combat Shield  
  69  5:42  SCV, Supply Depot  
  70  5:47  Supply Depot  
  70  5:48  Factory Reactor  
  70  5:51  Marine  
  70  5:52  Marine, SCV, Marauder x2  
  70  5:56  SCV  
  75  6:04  SCV  
  75  6:09  Marine x2  
  78  6:13  Command Center  
  78  6:14  Marauder x2, Medivac x2  
  78  6:18  Supply Depot  
  86  6:21  Supply Depot  
  86  6:23  SCV x2  
  88  6:28  Widow Mine, Engineering Bay  
  88  6:29  Widow Mine  
  88  6:31  Marine  
  88  6:32  Marine  
  95  6:40  SCV x2, Supply Depot  
  95  6:42  Marauder  
  95  6:45  Marauder  
  99  6:51  Widow Mine x2, Marine x2  
  105  6:57  Supply Depot  
  105  7:02  Medivac  
  105  7:03  Medivac  
  109  7:09  Marine x2  
  109  7:14  Marauder, Supply Depot  
  113  7:16  Widow Mine  
  113  7:17  Widow Mine  
  113  7:19  Marauder  
  118  7:26  SCV x2  
  117  7:30  Marine x2  
  117  7:32  Medivac  
  117  7:33  SCV  
  117  7:35  Marauder  
  113  7:41  SCV  
  113  7:43  Widow Mine, Marine  
  95  7:51  SCV  
  85  7:54  SCV  
Show
View Real Time Build Order
Export as new Build Order

MaxPax Protoss - Winner!

Build Orders: 1 Gate Expand, Blink Stalkers 

Get SALT Encoding   

  12  0:00  Probe  
  13  0:12  Probe  
  14  0:17  Pylon  
  14  0:24  Probe (Chrono Boost)  
  15  0:36  Gateway, Probe (Chrono Boost)  
  16  0:44  Probe (Chrono Boost)  
  16  0:45  Assimilator  
  17  0:50  Probe  
  18  1:03  Probe  
  19  1:15  Probe  
  20  1:21  Nexus  
  20  1:31  Cybernetics Core  
  20  1:34  Probe  
  20  1:39  Assimilator  
  21  1:46  Probe  
  22  1:49  Pylon  
  22  1:58  Probe  
  23  2:05  Adept (Chrono Boost)  
  25  2:08  Warp Gate  
  25  2:11  Probe  
  26  2:23  Twilight Council, Probe (Chrono Boost)  
  27  2:32  Stalker  
  27  2:35  Shield Battery, Probe (Chrono Boost)  
  30  2:41  Probe (Chrono Boost)  
  30  2:42  Probe (Chrono Boost)  
  32  2:50  Probe  
  33  2:51  Probe  
  34  3:02  Probe  
  34  3:04  Blink (Chrono Boost)  
  35  3:15  Gateway  
  35  3:17  Probe  
  35  3:18  Probe  
  37  3:22  Robotics Facility  
  37  3:29  Probe  
  37  3:31  Probe  
  39  3:35  Gateway  
  39  3:41  Probe  
  40  3:43  Probe  
  41  3:52  Pylon  
  41  3:53  Probe  
  41  3:54  Pylon  
  41  3:55  Assimilator, Probe  
  43  3:57  Stalker  
  45  4:05  Probe  
  45  4:06  Assimilator  
  45  4:08  Probe  
  45  4:17  Probe  
  45  4:20  Warp Prism (Chrono Boost), Probe  
  45  4:22  Stalker x2  
  53  4:32  Stalker  
  53  4:36  Pylon  
  53  4:47  Stalker x2  
  53  4:48  Probe  
  58  4:54  Probe  
  58  4:57  Nexus  
  59  5:01  Probe  
  59  5:06  Probe  
  61  5:12  Robotics Bay  
  61  5:13  Forge, Probe  
  62  5:17  Observer (Chrono Boost)  
  62  5:18  Probe  
  64  5:23  Stalker x2  
  64  5:26  Pylon  
  68  5:28  Probe  
  68  5:30  Probe  
  68  5:31  Charge  
  70  5:42  Immortal (Chrono Boost)  
  70  5:44  Probe  
  70  5:48  Pylon  
  70  5:49  Probe  
  76  5:53  Protoss Ground Weapons Level 1  
  76  5:55  Observer  
  76  5:56  Probe  
  77  6:02  Probe  
  78  6:04  Extended Thermal Lance  
  78  6:08  Probe  
  78  6:10  Probe  
  80  6:11  Gateway x2  
  80  6:15  Pylon, Observer  
  80  6:18  Probe  
  81  6:26  Colossus (Chrono Boost), Gateway  
  81  6:28  Gateway  
  81  6:31  Probe  
  88  6:37  Probe  
  88  6:38  Probe  
  88  6:39  Gateway  
  90  6:43  Probe  
  91  6:47  Zealot x3  
  91  6:49  Pylon, Probe  
  91  6:54  Shield Battery  
  98  6:58  Shield Battery  
  98  7:05  Pylon  
  98  7:06  Colossus (Chrono Boost)  
  104  7:08  Zealot x2  
  104  7:09  Zealot  
  104  7:11  Zealot  
  112  7:19  Sentry  
  114  7:24  Zealot x2  
  117  7:31  Stalker x3  
  117  7:36  Pylon  
  123  7:37  Pylon  
  109  7:46  Zealot x5  
  110  8:00  Zealot x3  

Tags
 
Add a new tag
Caveats
  • Supply blocks, unpowered buildings, or Contaminate may cause inaccurate times.
  • Supply counts are checked every 10 seconds.